 Dungeon Crawl Stone Soup version 0.17-a0-1830-g81820eb (webtiles) character file.

72 Stormsson the Skirmisher (level 4, -3/41 HPs)
             Began as a Minotaur Berserker on Sept 13, 2015.
             Was a Believer of Trog.
             Slain by a gnoll
             ... wielding a +0 spear
              (9 damage)
             ... on level 2 of the Dungeon.
             The game lasted 00:03:52 (1149 turns).

Stormsson the Skirmisher (Minotaur Berserker)       Turns: 1149, Time: 00:03:52

Health: -3/41      AC:  3    Str: 22    XL:     4   Next: 7%
Magic:  3/3        EV: 12    Int:  4    God:    Trog [**....]
Gold:   41         SH:  0    Dex: 10    Spells: 0 memorised, 3 levels left

rFire  . . .     SeeInvis .     a - +0 mace
rCold  . . .     Clarity  .     b - +0 animal skin
rNeg   . . .     SustAt   .     (no shield)
rPois  .         Gourm    .     (helmet restricted)
rElec  .         Spirit   .     (no cloak)
rCorr  .         Warding  .     h - +0 pair of gloves
rMut   .         Stasis   .     (no boots)
MR     .....                    (no amulet)
Stlth  +.........               (no ring)
                                (no ring)

@: exhausted, slowed, very slow, not resistant to hostile enchantments, very
unstealthy
A: retaliatory headbutt, horns 2
a: Burn Spellbooks, Berserk, Trog's Hand, Renounce Religion


You were on level 2 of the Dungeon.
You worshipped Trog.
Trog was pleased with you.
You were not hungry.

You visited 1 branch of the dungeon, and saw 2 of its levels.

You collected 41 gold pieces.

Inventory:

Hand weapons
 a - a +0 mace (weapon)
Armour
 b - a +0 animal skin (worn)
 h - a +0 pair of gloves (worn)
Scrolls
 d - a scroll of enchant weapon {unknown}
 e - 2 scrolls of enchant armour
 g - 2 scrolls of remove curse {unknown}
 i - a scroll of immolation {unknown}
 k - a scroll of identify
 l - a scroll of teleportation {unknown}
Potions
 m - a potion of heal wounds {unknown}
Comestibles
 f - a meat ration


   Skills:
 + Level 4.7 Fighting
 + Level 4.4 Maces & Flails
 + Level 2.9 Armour
 + Level 2.7 Dodging


You had 3 spell levels left.
You didn't know any spells.

Dungeon Overview and Level Annotations

Branches:
Dungeon (2/15)

Altars:


Innate Abilities, Weirdness & Mutations

You reflexively headbutt those who attack you in melee.
You have a pair of horns on your head.


Message History

You feel yourself slow down.
You are near starving!
The gnoll closely misses you. The gnoll misses you.
The gnoll barely misses you.
You hit the gnoll. You headbutt the gnoll.
The gnoll is heavily wounded.
The gnoll barely misses you. The gnoll hits you but does no damage.
The gnoll misses you. The gnoll completely misses you.
The gnoll barely misses you.
You hit the gnoll but do no damage.
The gnoll is heavily wounded.
The gnoll barely misses you. The gnoll hits you but does no damage.
The gnoll hits you with a whip.
* * * LOW HITPOINT WARNING * * *
The gnoll barely misses you.
The gnoll hits you from afar with a spear.
* * * LOW HITPOINT WARNING * * *
Eat which item? (? for menu, Esc to quit)
The gnoll hits you from afar with a spear!
You die...

..##.# #.>
###..#.###..###
#.............
#............
####...(......###..
#.................
..##..........##
#..........#
##.........@###
#<.#######....#
#....## #.g#....#
....#### ##g#...$#
..# #g# ..## .
#........ ##.......
....... $......


You could see 3 gnolls.

Vanquished Creatures
  Terence (D:2)
  A gnoll (D:1)
  An ooze (D:2)
  2 bats (D:1)
  2 giant cockroaches (D:1)
  3 goblins (D:1)
  5 hobgoblins (D:1)
  3 kobolds
  A quokka (D:2)
  A ball python (D:1)
  2 giant newts
  3 jackals (D:1)
  8 rats (D:1)
33 creatures vanquished.

Notes
Turn   | Place    | Note
--------------------------------------------------------------
     0 | D:1      | Stormsson the Minotaur Berserker began the quest for the Orb.
     0 | D:1      | Reached XP level 1. HP: 19/19 MP: 0/0
    77 | D:1      | Reached skill level 4 in Fighting
    77 | D:1      | Reached XP level 2. HP: 9/27 MP: 1/1
   791 | D:1      | Reached XP level 3. HP: 32/34 MP: 2/2
   796 | D:1      | Acquired Trog's second power
  1134 | D:2      | Noticed Terence
  1142 | D:2      | Killed Terence
  1142 | D:2      | Reached XP level 4. HP: 16/41 MP: 3/3
  1149 | D:2      | Slain by a gnoll

Vault maps used:
D:1:      lemuel_arrival_muddy, st_stairs_1, minmay_misc_feat_chi
D:2:      zin_academy, first_bread, uniq_terence, uniq_robin, uniq_jessica

Action                   |  1- 3 |  4- 6 || total
-------------------------+-------+-------++-------
Melee: Mace              |    66 |     3 ||    69
Invok: Berserk           |     2 |       ||     2
  Use: Scroll            |     1 |       ||     1
  Eat: Chunk             |     1 |       ||     1
       Bread ration      |       |     1 ||     1
